 Dungeon Crawl Stone Soup version 0.15.0-12-gccce430 (webtiles) character file.

438 MDvedh the Cudgeler (level 7, -3/38 HPs)
             Began as a Gargoyle Arcane Marksman on Sept 1, 2014.
             Was a Believer of Lugonu.
             Slain by an ogre
             ... wielding a +0 giant spiked club
              (15 damage)
             ... on Level 4 of the Dungeon.
             The game lasted 00:09:09 (4232 turns).

MDvedh the Cudgeler (Gargoyle Arcane Marksman)      Turns: 4232, Time: 00:09:09

HP  -3/38        AC 13     Str 16      XL: 7   Next:  1%
MP   9/9         EV  6     Int 14      God: Lugonu [**....]
Gold 201         SH  0     Dex  9      Spells:  1 memorised,  7 levels left

rFire  . . .     SeeInvis .     d - +0 flail
rCold  . . .     Clarity  .     q - +1 chain mail
rNeg   + . .     rCorr    .     (no shield)
rPois  +         rRot     +     (no helmet)
rElec  +         Spirit   .     (no cloak)
SustAb .         Warding  .     (no gloves)
rMut   .         Stasis   .     (no boots)
Gourm  .                        (no amulet)
MR     .....                    (no ring)
                                (no ring)

@: hasted, very quick, not resistant to hostile enchantments, extremely
unstealthy
A: negative energy resistance 1, electricity resistance, unbreathing,
petrification resistance, rot immunity, AC +4
a: Depart the Abyss, Bend Space, Renounce Religion


You were on level 4 of the Dungeon.
You worshipped Lugonu.
Lugonu was pleased with you.
You were not hungry.

You visited 1 branch of the dungeon, and saw 4 of its levels.
You visited the Abyss 1 time.

You collected 201 gold pieces.

Inventory:

Hand weapons
 b - a +0 hand crossbow
 d - a +0 flail (weapon)
Missiles
 c - 20 bolts
Armour
 q - a +1 chain mail (worn)
Comestibles
 f - 5 bread rations
 k - 3 meat rations
 r - 7 fruits
Scrolls
 e - a scroll of remove curse {unknown}
Jewellery
 j - an uncursed amulet of stasis
Potions
 n - a potion of agility {unknown}
 p - a potion of flight {unknown}
 s - a potion of might {unknown}
 v - a potion of cancellation {unknown}


   Skills:
 - Level 1.1 Fighting
 + Level 6.9 Maces & Flails
 - Level 2.0 Crossbows
 - Level 1.5 Dodging
 - Level 1.0 Spellcasting
 - Level 2.6 Hexes


You had 7 spell levels left.
You knew the following spells:

 Your Spells              Type           Power        Failure   Level  Hunger
a - Corona                Hex            #......      100%        1    ##.....


Dungeon Overview and Level Annotations

Branches:
Dungeon (4/15)
 Temple: D:4-7

Altars:
Qazlal


Innate Abilities, Weirdness & Mutations

You are resistant to torment.
You are immune to poison.
Your stone body is very resilient (AC +4).
You resist negative energy.
You are resistant to electric shocks.
You can survive without breathing.
You are immune to petrification.
You are immune to rotting.


Message History

You barely miss the ogre.
The ogre is moderately wounded.
The ogre hits you with a giant spiked club!
* * * LOW HITPOINT WARNING * * *
You are too injured to fight recklessly!
You are too injured to fight recklessly!
You are too injured to fight recklessly!
You are too injured to fight recklessly!
You are too injured to fight recklessly!
You are too injured to fight recklessly!
Things that are here:
a hand axe; an orc corpse; a giant gecko corpse
Things that are here:
a dagger; a robe A gnoll comes into view.
It is wielding a whip.
The gnoll shouts!
Drink which item? (? for menu, Esc to quit)
You feel yourself speed up.
The ogre hits you with a giant spiked club!
You die...

################
..............># ***
########.#####.#####.#
.# #.# #.#...g.# .#
#.# #.#@#**,*
.#######.# #.#O# *,*
.........# #.#.# *,*
.........# #.#.###,*
.........# #.....#,*
..######.#
####.#.#,****** ..#
#.# #...)#.#,,,,,,*
..# #.#
####.#.#*****,*
..#****#.#
#.#.#*****,*


You could see an ogre and a gnoll.

Vanquished Creatures
  A giant frog (D:4)
  3 orc wizards (D:4)
  An iguana (D:4)
  2 orc priests (D:4)
  3 gnolls
  10 adders
  A giant mite (D:2)
  A worm (D:2)
  2 giant geckos
  An ooze (D:3)
  12 orcs
  19 goblins
  8 hobgoblins
  A ball python (D:2)
  9 bats
  4 giant cockroaches
  4 giant newts
  6 kobolds
  A quokka skeleton (D:4)
  7 rats
96 creatures vanquished.

Notes
Turn   | Place    | Note
--------------------------------------------------------------
     0 | D:1      | MDvedh, the Gargoyle Arcane Marksman, began the quest for the Orb.
     0 | D:1      | Reached XP level 1. HP: 12/12 MP: 2/2
    92 | D:1      | Reached skill level 1 in Maces & Flails
   308 | D:1      | Reached XP level 2. HP: 14/16 MP: 3/3
   977 | D:2      | Reached XP level 3. HP: 17/20 MP: 4/4
  1005 | D:2      | Reached skill level 3 in Maces & Flails
  1400 | D:2      | Reached XP level 4. HP: 23/25 MP: 5/5
  1637 | D:2      | Found a stormy altar of Qazlal.
  2110 | D:3      | Reached skill level 4 in Maces & Flails
  2395 | D:3      | Cast into the Abyss (kobold)
  2395 | Abyss:1  | Found a corrupted altar of Lugonu.
  2398 | Abyss:1  | Noticed a chaos spawn
  2472 | Abyss:1  | Became a worshipper of Lugonu the Unformed
  2472 | Abyss:1  | Acquired Lugonu's first power
  2473 | D:3      | Escaped the Abyss
  2834 | D:3      | Reached XP level 5. HP: 29/29 MP: 7/7
  3183 | D:3      | Reached skill level 5 in Maces & Flails
  3422 | D:4      | Reached XP level 6. HP: 21/34 MP: 8/8
  3768 | D:4      | Reached skill level 6 in Maces & Flails
  4152 | D:4      | Acquired Lugonu's second power
  4152 | D:4      | Reached XP level 7. HP: 31/38 MP: 9/9
  4212 | D:4      | Noticed an ogre
  4232 | D:4      | Slain by an ogre

Action                   |  1- 3 |  4- 6 |  7- 9 || total
-------------------------+-------+-------+-------++-------
Melee: Mace              |   135 |   236 |       ||   371
       Flail             |       |    55 |     7 ||    62
Invok: Depart the Abyss  |       |     1 |       ||     1
  Use: Scroll            |       |     7 |       ||     7
       Potion            |       |     4 |     1 ||     5
  Eat: Chunk             |     1 |     7 |       ||     8
       Meat ration       |       |     1 |       ||     1
